 Dungeon Crawl Stone Soup version 0.28.0-43-g3370ac3207 (webtiles) character file.

Game seed: 6252427753541467099

4006 DrunkBamboolord the Geomancer (level 10, -3/50 HPs)
             Began as a Gargoyle Earth Elementalist on Mar 16, 2022.
             Was an Initiate of Vehumet.
             Slain by an orc warrior
             ... wielding a +0 battleaxe
              (8 damage)
             ... on level 7 of the Dungeon.
             The game lasted 00:22:32 (9438 turns).

DrunkBamboolord the Geomancer (GrEE)                Turns: 9438, Time: 00:22:33

Health: -3/50      AC: 13    Str: 12    XL:     10   Next: 23%
Magic:  0/22       EV: 13    Int: 20    God:    Vehumet [......]
Gold:   404        SH:  0    Dex: 10    Spells: 17/25 levels left

rFire   . . .      SeeInvis .   (no weapon)
rCold   . . .      Faith    .   (no shield)
rNeg    + . .      Spirit   .   G - +0 steam dragon scales
rPois   ∞          Reflect  .   (no helmet)
rElec   +          Harm     .   o - +0 cloak
rCorr   .          Rampage  .   (no gloves)
Will    .....                   (no boots)
Stlth   ++........              (no amulet)
HPRegen 0.16/turn               l - ring of fire
MPRegen 0.18/turn               H - ring of ice

@: no status effects
A: sickness immunity, AC +7, negative energy resistance 1, electricity
resistance, torment resistance 1, petrification resistance
a: Renounce Religion


You were on level 7 of the Dungeon.
You worshipped Vehumet.
Vehumet was noncommittal.
You visited 2 branches of the dungeon, and saw 9 of its levels.

You collected 404 gold pieces.

Inventory:

Hand Weapons
 q - the +9 dagger "Waekor" {vorpal, Drain rElec rCorr Int-2 Stlth+}
   (You found it on level 4 of the Dungeon)

   It inflicts extra damage upon your enemies.
   Int:       It affects your intelligence (-2).
   rElec:     It insulates you from electricity.
   rCorr:     It protects you from acid and corrosion.
   Drain:     It drains your maximum health when unequipped.
   Stlth:     It makes you more stealthy.
Missiles
 c - 139 stones
 B - 2 throwing nets
 J - 6 poisoned darts
Armour
 b - a +2 robe of cold resistance
 i - the +1 chain mail "Xeutuw" {-Tele rC+ Int+6}
   (You found it on level 2 of the Dungeon)

   Int:       It affects your intelligence (+6).
   rC:        It protects you from cold.
   -Tele:     It prevents most forms of teleportation.
 o - a +0 cloak (worn)
 G - +0 steam dragon scales (worn)
Jewellery
 l - a ring of fire (left hand)
 H - a ring of ice (right hand)
Wands
 u - a wand of charming (7)
 w - a wand of flame (48)
 x - a wand of polymorph (5)
 y - a wand of paralysis (8)
 A - a wand of digging (3)
Scrolls
 f - a scroll of enchant weapon {unknown}
 g - a scroll of teleportation {unknown}
 j - a scroll of noise {unknown}
 m - 2 scrolls of blinking
 p - a scroll of amnesia
 t - 2 scrolls of summoning
 v - a scroll of silence {unknown}
 z - 2 scrolls of immolation {unknown}
 C - a scroll of fog {unknown}
 D - a scroll of brand weapon {unknown}
 I - 3 scrolls of magic mapping {unknown}
 K - a scroll of fear {unknown}
Potions
 a - a potion of magic
 d - 2 potions of lignification {unknown}
 e - 2 potions of curing
 h - 2 potions of brilliance
 k - 2 potions of degeneration {unknown}
 n - 3 potions of flight {unknown}
 r - 3 potions of mutation {unknown}
 s - 3 potions of haste
 E - a potion of might {unknown}
 F - a potion of heal wounds {unknown}


   Skills:
 * Level 4.3 Dodging
 - Level 2.1 Stealth
 * Level 8.1 Spellcasting
 * Level 6.6 Conjurations
 + Level 0.7 Transmutations
 * Level 10.9 Earth Magic


You had 17 spell levels left.
You knew the following spells:

 Your Spells              Type           Power      Damage    Failure   Level
a - Sandblast             Erth           100%       2d20      1%          1
b - Stone Arrow           Conj/Erth      86%        3d12      1%          3
c - Petrify               Tmut/Erth      31%        N/A       8%          4

Your spell library contained the following spells:

 Spells                   Type           Power      Damage    Failure   Level
 Passwall                 Tmut/Erth      25%        N/A       1%          2
 Gell's Gravitas          Tloc           8%         N/A       26%         3
 Lesser Beckoning         Tloc           8%         N/A       26%         3
 Teleport Other           Tloc           8%         N/A       26%         3
 Summon Lightning Spire   Summ/Air       8%         N/A       63%         4
 Storm Form               Tmut/Air       4%         N/A       100%        7
 Maxwell's Capacitive Co  Air            4%         ∞         100%        8


Dungeon Overview and Level Annotations

Branches:
Dungeon (8/15)             Temple (1/1) D:7
   Lair: D:8-11

Altars:
Ashenzari
Cheibriados
Gozag
Kikubaaqudgha
Okawaru
Qazlal
Sif Muna
Trog
Vehumet
Wu Jian
Xom
Zin
The Shining One

Annotations:
D:6 2 transporters, Elsvaer's ghost, novice DECj


Innate Abilities, Weirdness & Mutations

You are immune to sickness and miasma.
Your stone body is resilient. (AC +7)
You are immune to poison.
You resist negative energy. (rN+)
You are resistant to electric shocks. (rElec)
You are resistant to unholy torment.
You are immune to petrification.


Message History

The orc wizard flickers and vanishes!
You are confused.
You barely miss the orc warrior.
The orc warrior is lightly wounded.
The orc warrior closely misses you.
You hit the orc.
The orc is moderately wounded.
The orc warrior completely misses you.
The orc hits you with a +2 dagger of venom.
You bump into the rock wall.
The orc warrior hits you with a +0 battleaxe!!
You feel less confused.
An orc wizard appears from thin air!
Reactivating autopickup.
There is a stone staircase leading up here.
The orc wizard gestures wildly while chanting.
The orc wizard flickers and vanishes!
Deactivating autopickup; reactivate with Ctrl-A.
You climb upwards.
Reactivating autopickup.
There is a stone staircase leading down here.
Aiming: Stone Arrow (safe; 1% risk of failure)
Press: ? - help, Q - select action, (/) - cycle Shift-Dir - straight line, f - orc warrior
Aim: an orc warrior, wielding a +0 battleaxe and wearing a +0 plate armour (lightly wounded, 76% to hit)
The stone arrow misses the orc warrior.
The orc warrior hits you with a +0 battleaxe!
Aiming: Stone Arrow (safe; 1% risk of failure)
Press: ? - help, Q - select action, (/) - cycle Shift-Dir - straight line, f/p - orc warrior
Aim: an orc warrior, wielding a +0 battleaxe and wearing a +0 plate armour (lightly wounded, 76% to hit)
The stone arrow hits the orc warrior!
The orc warrior is severely wounded.
The orc warrior hits you with a +0 battleaxe!
* * * LOW HITPOINT WARNING * * *
Aiming: Stone Arrow (safe; 1% risk of failure)
Press: ? - help, Q - select action, (/) - cycle Shift-Dir - straight line, f/p - orc warrior
Aim: an orc warrior, wielding a +0 battleaxe and wearing a +0 plate armour (severely wounded, 76% to hit)
The stone arrow misses the orc warrior.
Unknown command.
The orc warrior hits you with a +0 battleaxe!
You die...

#..#.# ######.#.........##
#####..#.#
#............#####
.......#.# #............#
#####.##.# ######.##...##
#.##.# #.###.## #.##.# #.#
#.# #.##># #.# #.#
#.##.##########.# #.#
#.##.......o@...# #)#
#.#################.## #.#
#......# #.# #.####.#
#####.# ###### #.# #.##
...##.######....###.####..#
##........................#
####.####.#.....####.....#
#.# #.##....# #.....#


You could see an orc warrior.

Vanquished Creatures
  Maggie (D:6)
  Grinder (D:3)
  Sigmund (D:6)
  2 steam dragons
  Menkaure (D:6)
  Duvessa (D:6)
  A water moccasin (D:7)
  A black bear (D:7)
  2 ice beasts
  A necrophage (D:7)
  3 ogres
  2 centaurs (D:8)
  A phantom (D:7)
  Blork the orc (D:6)
  2 bullfrogs
  2 gnoll sergeants (D:7)
  5 scorpions
  A water moccasin zombie (D:5)
  Dowan (D:6)
  2 water moccasin skeletons
  9 killer bees
  2 howler monkeys
  3 centaur zombies
  3 hounds
  A jelly (D:5)
  A bullfrog skeleton (D:5)
  Crazy Yiuf (D:3)
  2 orc wizards (D:8)
  2 hound zombies (D:5)
  14 gnolls
  A howler monkey zombie (D:5)
  2 howler monkey skeletons
  4 adders
  A white imp (D:7)
  A worm (D:5)
  9 dart slugs
  18 orcs
  10 endoplasms
  4 giant cockroaches
  4 goblins
  4 hobgoblins
  3 jackals (D:2)
  7 kobolds
  4 quokkas
  7 ball pythons
  7 bats
  9 rats
165 creatures vanquished.

Vanquished Creatures (others)
  5 plants (D:3)
5 creatures vanquished.

Grand Total: 170 creatures vanquished

Notes
Turn   | Place    | Note
-------+----------+-------------------------------------------
     0 | D:1      | DrunkBamboolord the Gargoyle Earth Elementalist began the
                  | quest for the Orb.
     0 | D:1      | Reached XP level 1. HP: 10/10 MP: 3/3
   210 | D:1      | Reached skill level 4 in Earth Magic
   269 | D:1      | Reached XP level 2. HP: 15/15 MP: 3/5
   739 | D:1      | Found a faded altar of an unknown god.
   789 | D:1      | Reached XP level 3. HP: 19/19 MP: 2/6
   902 | D:2      | Learned a level 3 spell: Stone Arrow
  1041 | D:2      | Identified the +1 chain mail "Xeutuw" {-Tele rC+ Int+6}
  1507 | D:2      | Reached skill level 5 in Earth Magic
  1589 | D:3      | Noticed a scorpion
  1658 | D:3      | Reached XP level 4. HP: 24/24 MP: 4/7
  1795 | D:3      | Killed a scorpion
  1796 | D:3      | Reached skill level 1 in Conjurations
  1796 | D:3      | Reached XP level 5. HP: 6/28 MP: 0/9
  2084 | D:3      | Found a broken altar of Ashenzari.
  2455 | D:3      | Reached skill level 6 in Earth Magic
  2619 | D:3      | Reached XP level 6. HP: 32/32 MP: 6/11
  2713 | D:3      | Found an ancient bone altar of Kikubaaqudgha.
  2713 | D:3      | Found a snail-covered altar of Cheibriados.
  2742 | D:3      | Noticed Grinder
  2756 | D:3      | Killed Grinder
  2757 | D:3      | Reached XP level 7. HP: 33/36 MP: 0/13
  2888 | D:3      | Found a runed translucent door.
  2889 | D:3      | Noticed Crazy Yiuf
  2980 | D:3      | Killed Crazy Yiuf
  3221 | D:4      | Identified the +9 dagger "Waekor" {vorpal, Drain rElec
                  | rCorr Int-2 Stlth+}
  3472 | D:4      | Reached skill level 7 in Earth Magic
  4168 | D:4      | Reached skill level 5 in Spellcasting
  4378 | D:5      | Entered Level 5 of the Dungeon
  4553 | D:5      | Reached XP level 8. HP: 32/41 MP: 1/15
  4884 | D:5      | Reached skill level 8 in Earth Magic
  5460 | D:6      | Noticed Maggie
  5463 | D:6      | Noticed Dowan
  5466 | D:6      | Noticed Duvessa
  5467 | D:6      | Killed Maggie
  5865 | D:6      | Noticed Menkaure
  5869 | D:6      | Killed Menkaure
  5873 | D:6      | Reached skill level 9 in Earth Magic
  6022 | D:6      | Reached XP level 9. HP: 45/45 MP: 8/18
  6142 | D:6      | Noticed Blork the orc
  6145 | D:6      | Killed Blork the orc
  6282 | D:6      | Noticed Sigmund
  6288 | D:6      | Killed Sigmund
  6653 | D:6      | Found a transporter.
  6654 | D:6      | Noticed Elsvaer's ghost (novice DECj)
  6655 | D:6      | Found a transporter.
  6847 | D:6      | Reached skill level 5 in Conjurations
  6948 | D:6      | Killed Duvessa
  6949 | D:6      | Killed Dowan
  7084 | D:7      | Reached skill level 10 in Earth Magic
  7750 | D:7      | Found a staircase to the Ecumenical Temple.
  7764 | Temple   | Entered the Ecumenical Temple
  7838 | Temple   | Became a worshipper of Vehumet
  8177 | D:7      | Reached XP level 10. HP: 50/50 MP: 14/21
  8233 | D:7      | Found an iron altar of Okawaru.
  8537 | D:7      | Learned a level 4 spell: Petrify
  9438 | D:7      | Slain by an orc warrior

Illustrated notes

Levels and vault maps discovered:
D:1:      onia_arrival_mini_maze_b, layout_rooms,
          dilly_ecumenical_altar_fadedgnrine, minmay_misc_feat_more_columns
D:2:      cheibrodos_old_hovel, layout_basic, grunt_ministairs_8
D:3:      layout_rooms, mainiacjoe_overflow_brackets,
          mainiacjoe_overflow_divided_tiny, serial_bayou_pond_b,
          chequers_serial_rivers_micro_b, due_unseen_surprise, uniq_grinder,
          uniq_crazy_yiuf_cottage
D:4:      layout_basic
D:5:      layout_cave_pools
D:6:      layout_loops_ring, gammafunk_ghost_smash, uniq_blork_the_orc,
          uniq_maggie, uniq_duvessa, uniq_menkaure, uniq_sigmund
D:7:      layout_loops_ring, okawaru_metal_pillars_1_2,
          minmay_temple_entry_stoned_glass, minivault_24
D:8:      kennysheep_ambush_hall, layout_gridville, hangedman_decor_riveting,
          kennysheep_generic_room_14
Temple:   dpeg_five_rooms_temple

Skill      XL: |  1  2  3  4  5  6  7  8  9 10 |
---------------+-------------------------------+-----
Earth Magic    | 4 5 6 7 9 10 | 10.9
Spellcasting   | 3 4 5 6 7 8 |  8.1
Conjurations   | 1 2 4 6 |  6.6
Dodging        | 2 3 4 |  4.3
Stealth        | |  2.1
Transmutations | |  0.7

Action                   |  1- 3 |  4- 6 |  7- 9 | 10-12 || total
-------------------------+-------+-------+-------+-------++-------
Melee: Unarmed           |       |     1 |    52 |    27 ||    80
       Punch             |       |       |       |     1 ||     1
 Cast: Sandblast         |    52 |    51 |    30 |       ||   133
       Stone Arrow       |       |     7 |   122 |    32 ||   161
Evoke: Wand              |       |       |     1 |       ||     1
  Use: Scroll            |       |       |     4 |       ||     4
       Potion            |       |       |       |     3 ||     3
Armor: Robe              |    10 |     1 |    26 |       ||    37
       Steam dragon scal |       |       |    19 |    36 ||    55
Dodge: Dodged            |    11 |     5 |    78 |    60 ||   154
